Map: [ESL] Cosmic Sapphire

Players

Solar

  • Race: Zerg Zerg
  • League: Master
  • Spawn Location: 5:00

llllllllllll (herO) - Winner!

  • Race: Protoss Protoss
  • League: Master
  • Spawn Location: 11:00

VOD

Have the link to the VOD?

Description

Time

  • Played on: Oct. 22, 2022, 10:19 a.m.
  • Length: 11:33
Show
View Real Time Build Order
Export as new Build Order

Solar Zerg 

Build Orders: Hatch First 

Get SALT Encoding   

  12  0:00  Drone  
  13  0:12  Overlord  
  13  0:17  Drone  
  14  0:30  Drone  
  14  0:31  Drone  
  16  0:48  Hatchery  
  15  0:51  Drone  
  15  0:54  Drone  
  17  0:57  Drone  
  18  1:09  Extractor  
  17  1:14  Spawning Pool  
  17  1:17  Drone  
  17  1:20  Drone  
  18  1:27  Drone  
  19  1:38  Drone  
  20  1:49  Overlord  
  20  2:00  Queen x2  
  24  2:02  Zergling x4  
  26  2:12  Drone x2  
  26  2:14  Metabolic Boost  
  28  2:23  Drone x2  
  30  2:39  Hatchery  
  30  2:41  Drone  
  30  2:47  Queen  
  32  2:52  Zergling x2  
  32  2:54  Overlord  
  32  2:57  Drone  
  34  2:59  Drone  
  34  3:02  Drone  
  36  3:11  Queen  
  38  3:15  Drone x3  
  38  3:16  Drone  
  38  3:18  Drone  
  43  3:22  Overlord  
  43  3:24  Drone  
  44  3:28  Overlord  
  44  3:37  Spore Crawler  
  44  3:38  Drone  
  44  3:40  Queen  
  44  3:41  Drone  
  46  3:51  Queen  
  46  3:52  Drone  
  46  3:53  Drone x2  
  49  4:03  Zergling x8  
  49  4:04  Zergling x4, Spore Crawler  
  54  4:10  Overlord  
  54  4:11  Drone x2  
  54  4:15  Drone x2  
  58  4:21  Drone x3  
  57  4:24  Drone x2  
  57  4:29  Evolution Chamber  
  58  4:33  Drone  
  58  4:34  Drone  
  58  4:35  Queen  
  62  4:39  Drone  
  62  4:42  Overlord  
  59  4:46  Drone x2  
  59  4:48  Spore Crawler  
  61  4:52  Drone  
  61  4:53  Drone x2  
  61  4:54  Drone x3  
  61  4:55  Drone  
  61  4:58  Drone  
  61  4:59  Zerg Melee Weapons Level 1  
  68  5:01  Drone  
  68  5:06  Drone x2  
  68  5:07  Drone  
  71  5:10  Drone  
  71  5:11  Drone  
  71  5:13  Drone  
  70  5:17  Drone  
  70  5:25  Drone x3  
  70  5:26  Drone  
  70  5:28  Hatchery  
  73  5:30  Lair  
  73  5:32  Overlord  
  73  5:35  Zergling x4, Extractor x2  
  74  5:38  Zergling x6  
  76  5:43  Drone x2  
  76  5:44  Baneling Nest, Drone  
  76  5:48  Drone x2  
  80  5:50  Drone x2  
  80  5:53  Drone x3  
  80  5:55  Drone  
  83  6:00  Drone x3  
  83  6:01  Drone  
  87  6:05  Overlord  
  87  6:09  Extractor  
  87  6:10  Drone x2, Extractor  
  83  6:15  Drone  
  83  6:16  Drone  
  84  6:19  Drone  
  84  6:20  Drone x2  
  84  6:23  Zergling x2  
  88  6:27  Zergling x8  
  88  6:29  Hydralisk Den  
  88  6:32  Drone x2  
  91  6:37  Extractor  
  91  6:38  Overlord  
  90  6:40  Drone  
  90  6:41  Zergling x4  
  90  6:42  Zergling x6  
  90  6:43  Overseer  
  96  6:50  Drone x3  
  96  6:53  Zergling x2  
  96  6:54  Zergling x6  
  103  7:01  Overlord  
  103  7:03  Grooved Spines, Hydralisk x3  
  103  7:05  Hydralisk  
  103  7:07  Overlord  
  111  7:12  Zergling x4  
  111  7:15  Overlord x2  
  111  7:19  Overlord  
  111  7:20  Drone x4  
  115  7:23  Drone x3  
  115  7:24  Centrifugal Hooks  
  115  7:27  Hydralisk x3  
  115  7:29  Overseer  
  124  7:32  Overlord  
  124  7:35  Zergling x4  
  126  7:38  Hydralisk x4  
  126  7:42  Overlord  
  126  7:43  Zerg Melee Weapons Level 2  
  134  7:45  Zergling x4  
  134  7:50  Overlord x2  
  134  7:51  Hydralisk  
  136  7:55  Hydralisk x3  
  136  7:58  Zergling x4  
  146  8:04  Zergling x2  
  146  8:05  Zergling x10  
  152  8:08  Zergling x2  
  152  8:09  Zergling x8  
  156  8:13  Zergling x2  
  156  8:19  Zergling x10  
  162  8:20  Zergling x2  
  162  8:24  Overlord  
  162  8:25  Hydralisk  
  162  8:26  Hydralisk  
  166  8:28  Muscular Augments  
  166  8:31  Hatchery  
  161  8:35  Zergling x2  
  161  8:36  Zergling x12  
  163  8:43  Baneling x7  
  163  8:46  Baneling  
  163  8:47  Baneling x17  
  163  8:48  Hydralisk  
  153  8:50  Baneling x2  
  153  8:51  Zergling x4  
  153  8:54  Zergling x2, Hydralisk  
  153  8:55  Overlord  
  160  8:57  Zergling x2  
  160  8:58  Zergling x6  
  160  9:01  Baneling x8  
  164  9:05  Zergling x6  
  164  9:06  Hydralisk  
  164  9:08  Hydralisk  
  163  9:15  Infestation Pit, Extractor  
  163  9:16  Zergling x12  
  158  9:19  Zergling x6  
  135  9:29  Zergling x22  
  135  9:30  Zergling x2  
  138  9:33  Drone x2  
  138  9:37  Hydralisk  
  142  9:39  Overseer  
  142  9:42  Drone x2  
  142  9:43  Drone x2  
  146  9:48  Zergling x4  
  146  9:52  Baneling x12  
  145  9:53  Zergling x8  
  145  9:56  Hydralisk x3  
  145  9:58  Zergling x6  
  158  10:07  Hive  
  158  10:09  Zergling x10  
  158  10:10  Zergling x2  
  158  10:13  Baneling x6  
  155  10:15  Zergling x2  
  155  10:16  Zergling x4  
  155  10:17  Baneling x4  
  154  10:21  Zergling x2  
  154  10:22  Zergling x8  
  154  10:23  Baneling x4  
  154  10:25  Zergling x4  
  154  10:26  Zergling x2  
  149  10:37  Zergling x24  
  149  10:40  Hydralisk x2  
  142  10:43  Zergling x2  
  142  10:45  Zergling x2  
  142  10:47  Hydralisk x2  
  134  10:52  Baneling x6  
  134  10:54  Zergling x2  
  134  10:55  Zergling x8  
  133  10:58  Baneling x3  
  133  10:59  Hydralisk x2  
  133  11:01  Zergling x2  
  130  11:09  Zergling x8  
Show
View Real Time Build Order
Export as new Build Order

llllllllllll Protoss - Winner!

Build Orders: 1 Gate Expand, Oracle Opening 

Get SALT Encoding   

  12  0:00  Probe  
  13  0:14  Pylon  
  13  0:17  Probe (Chrono Boost)  
  14  0:26  Probe (Chrono Boost)  
  15  0:31  Probe (Chrono Boost)  
  16  0:41  Gateway  
  16  0:43  Probe  
  16  0:49  Assimilator  
  17  0:55  Probe  
  18  1:08  Probe  
  19  1:20  Probe  
  20  1:26  Nexus  
  20  1:35  Cybernetics Core  
  20  1:38  Probe  
  21  1:44  Assimilator  
  21  1:50  Probe  
  22  1:54  Pylon  
  22  2:02  Probe  
  23  2:09  Adept (Chrono Boost)  
  23  2:14  Probe  
  26  2:17  Stargate  
  26  2:25  Warp Gate  
  26  2:26  Probe  
  27  2:32  Adept  
  29  2:38  Probe (Chrono Boost)  
  31  2:44  Probe (Chrono Boost)  
  31  2:48  Probe (Chrono Boost)  
  33  2:51  Probe (Chrono Boost)  
  33  2:53  Probe (Chrono Boost)  
  33  2:57  Oracle (Chrono Boost)  
  38  3:05  Probe x2  
  38  3:10  Pylon  
  39  3:17  Probe  
  39  3:18  Probe  
  41  3:24  Oracle (Chrono Boost)  
  44  3:30  Probe x2  
  45  3:42  Probe x2  
  45  3:48  Nexus  
  47  3:50  Pylon  
  47  3:54  Oracle (Chrono Boost), Probe x2  
  50  4:03  Assimilator  
  50  4:06  Probe x2  
  52  4:13  Adept  
  54  4:18  Probe x2  
  56  4:25  Shield Battery  
  56  4:27  Pylon  
  56  4:30  Probe x2  
  58  4:32  Twilight Council  
  58  4:34  Adept  
  58  4:35  Forge  
  60  4:47  Probe x2  
  62  4:54  Protoss Ground Weapons Level 1 (Chrono Boost), Gateway x2  
  62  4:56  Gateway  
  62  4:57  Gateway  
  62  5:00  Probe x2  
  64  5:09  Blink (Chrono Boost)  
  64  5:14  Adept  
  64  5:16  Probe  
  64  5:17  Probe  
  64  5:22  Probe  
  64  5:24  Assimilator  
  64  5:26  Gateway  
  65  5:29  Probe x2, Gateway  
  65  5:34  Probe, Stalker  
  70  5:41  Probe x2  
  70  5:42  Pylon  
  72  5:45  Robotics Facility  
  72  5:47  Probe  
  73  5:50  Assimilator  
  73  6:02  Stalker x3  
  75  6:04  Stalker x2  
  79  6:13  Probe x3  
  79  6:14  Photon Cannon  
  82  6:18  Pylon x2  
  82  6:19  Pylon  
  82  6:25  Stalker x2  
  86  6:28  Shield Battery  
  86  6:33  Observer (Chrono Boost)  
  86  6:36  Probe x2  
  89  6:46  Warp Prism (Chrono Boost)  
  89  6:47  Nexus, Robotics Bay  
  89  6:48  Pylon  
  89  6:51  Stalker x2  
  95  6:56  Stalker x2  
  95  6:57  Protoss Ground Weapons Level 2 (Chrono Boost)  
  99  7:12  Photon Cannon  
  99  7:25  Pylon x2  
  99  7:29  Probe x3  
  102  7:31  Colossus (Chrono Boost), Gateway  
  102  7:35  Extended Thermal Lance  
  108  7:37  Gateway  
  108  7:44  Stalker x6  
  108  7:47  Probe  
  108  7:48  Probe x2  
  123  7:56  Pylon  
  123  8:08  Colossus (Chrono Boost)  
  129  8:14  Zealot x7  
  143  8:24  Gateway x2  
  143  8:27  Shield Battery  
  133  8:47  Charge (Chrono Boost)  
  133  8:50  Zealot x8  
  133  8:51  Zealot  
  157  8:58  Templar Archives  
  157  9:00  Pylon  
  157  9:02  Pylon  
  153  9:16  Colossus (Chrono Boost)  
  137  9:25  Stalker x8  
  137  9:29  Probe  
  137  9:30  Probe x2  
  142  9:33  Pylon  
  142  9:43  Zealot, High Templar x2  
  148  9:47  Archon  
  148  9:48  Zealot x7  
  162  10:05  Zealot x2  
  164  10:21  Zealot x7, High Templar x2  
  162  10:25  Archon  
  162  10:26  Zealot x2  
  162  10:41  Zealot x7  
  113  10:51  Zealot x2  
  113  10:53  Zealot x2  
  119  11:06  Zealot x5  
  119  11:07  Zealot x2  
  113  11:13  Zealot x4  
Tags
 
Add a new tag
Caveats
  • Supply blocks, unpowered buildings, or Contaminate may cause inaccurate times.
  • Supply counts are checked every 10 seconds.